Map: Oxide LE

Players

Faron

  • Race: Zerg Zerg
  • League: Platinum
  • Spawn Location: 1:00

Massa - Winner!

  • Race: Terran Terran
  • League: Platinum
  • Spawn Location: 7:00

VOD

Have the link to the VOD?

Description

Time

  • Played on: Oct. 4, 2020, 3:08 p.m.
  • Length: 12:32
Show
View Real Time Build Order
Export as new Build Order

Faron Zerg 

Build Orders: Hatch First 

Get SALT Encoding   

  12  0:02  Drone  
  13  0:14  Overlord  
  13  0:18  Drone  
  14  0:33  Drone  
  15  0:49  Drone  
  16  0:52  Drone, Hatchery  
  16  0:57  Drone  
  17  1:09  Drone  
  18  1:11  Extractor  
  18  1:13  Overlord  
  17  1:24  Spawning Pool  
  16  1:26  Drone  
  17  1:33  Drone  
  18  1:43  Drone  
  19  1:55  Drone  
  20  2:12  Queen x2  
  20  2:14  Zergling x4  
  26  2:19  Drone x2  
  26  2:21  Metabolic Boost  
  28  2:26  Overlord  
  28  2:29  Drone  
  29  2:44  Drone x2  
  29  2:48  Drone x2  
  33  3:04  Drone x2  
  35  3:07  Queen  
  35  3:09  Drone  
  38  3:17  Roach Warren  
  38  3:18  Lair  
  37  3:20  Drone x3  
  37  3:22  Extractor  
  37  3:23  Extractor  
  38  3:31  Overlord  
  38  3:33  Drone  
  40  3:34  Drone x3  
  42  3:42  Overlord  
  42  3:48  Drone  
  43  3:52  Drone  
  44  4:03  Drone x5  
  49  4:16  Roach x4  
  57  4:18  Overlord  
  57  4:31  Drone, Overlord  
  58  4:36  Roach  
  58  4:37  Roach x3  
  66  4:40  Glial Reconstitution  
  66  4:44  Hatchery  
  65  4:46  Burrow  
  65  4:50  Roach  
  65  4:51  Roach x2  
  71  4:57  Overlord  
  71  4:59  Roach  
  73  5:10  Roach  
  67  5:32  Drone  
  67  5:33  Drone x7  
  75  5:51  Extractor  
  75  5:54  Roach x4  
  82  5:59  Tunneling Claws  
  82  6:03  Roach x2  
  86  6:11  Roach  
  86  6:13  Overlord x2  
  88  6:31  Overlord x3  
  88  6:32  Overlord  
  87  6:51  Nydus Network  
  86  6:54  Drone  
  86  6:55  Drone x9  
  96  7:09  Drone  
  97  7:21  Drone x5  
  102  7:23  Extractor  
  102  7:26  Extractor  
  102  7:29  Roach x3  
  106  7:37  Roach x20  
  106  7:42  Roach x7  
  120  7:58  Roach x2  
  118  7:59  Roach x3  
  92  8:08  Roach  
  92  8:13  Queen  
  94  8:24  Overseer  
  94  8:29  Roach  
  94  8:30  Hatchery  
  95  8:37  Evolution Chamber  
  95  8:40  Evolution Chamber, Overlord x3  
  93  8:43  Overlord  
  93  9:04  Zerg Missile Weapons Level 1  
  93  9:06  Zerg Ground Armor Level 1  
  93  9:13  Nydus Canal  
  93  9:29  Zergling x2  
  93  9:30  Zergling x36  
  112  9:37  Baneling Nest  
  111  9:40  Infestation Pit  
  111  9:42  Spire  
  111  9:44  Drone x4  
  111  9:45  Drone, Queen  
  116  10:17  Hydralisk Den, Hive  
  114  10:29  Baneling x12  
  114  10:30  Baneling x4  
  114  10:34  Roach x5  
  114  10:35  Roach x13  
  138  11:01  Roach x9  
  150  11:07  Roach x20  
  150  11:12  Hydralisk  
  150  11:13  Hydralisk x4  
  160  11:20  Overlord  
  160  11:21  Overlord x2, Roach  
  160  11:31  Zergling x2  
  160  11:32  Zergling x6  
  86  11:48  Zergling x8  
  86  11:49  Zergling x2  
  52  11:57  Zergling x2  
  52  11:58  Zergling x4  
  56  12:17  Baneling  
Show
View Real Time Build Order
Export as new Build Order

Massa Terran - Winner!

Build Orders: Reaper Expand 

Get SALT Encoding   

  12  0:00  SCV  
  13  0:12  SCV  
  14  0:20  Supply Depot  
  14  0:24  SCV  
  15  0:42  SCV, Barracks  
  16  0:46  Refinery  
  16  0:54  SCV  
  17  1:06  SCV  
  18  1:18  SCV  
  19  1:30  Orbital Command  
  19  1:32  Reaper  
  20  1:42  Command Center  
  20  1:55  Supply Depot  
  20  1:59  SCV  
  21  2:04  Marine  
  22  2:10  Factory  
  22  2:14  SCV  
  23  2:22  Supply Depot  
  23  2:26  SCV  
  24  2:45  SCV  
  25  2:57  SCV  
  26  3:05  Factory Reactor  
  26  3:09  Orbital Command, SCV  
  26  3:11  Barracks Tech Lab  
  27  3:15  Refinery  
  27  3:17  Starport  
  27  3:20  Barracks  
  27  3:21  SCV  
  27  3:25  Supply Depot  
  28  3:33  SCV, Marauder  
  31  3:39  SCV  
  31  3:41  Hellion x2  
  36  3:45  SCV  
  37  3:48  Engineering Bay  
  37  3:51  SCV  
  37  3:57  SCV  
  37  4:02  Hellion x2  
  42  4:03  Medivac  
  42  4:05  SCV  
  46  4:10  SCV  
  46  4:16  Barracks Reactor  
  47  4:17  SCV  
  47  4:21  Missile Turret  
  47  4:24  Hellion x2  
  51  4:27  Missile Turret  
  51  4:33  Command Center  
  51  4:36  SCV x2  
  53  4:42  Marauder  
  53  4:43  Stimpack  
  55  4:48  SCV x2  
  57  4:54  Factory Tech Lab  
  57  4:55  Barracks  
  57  4:59  Marine x2  
  59  5:04  Marauder  
  61  5:17  Marine  
  62  5:22  Marine  
  57  5:35  Siege Tank  
  60  5:36  Marauder  
  62  5:44  Marine x4  
  62  5:47  Supply Depot  
  62  5:48  Supply Depot  
  62  5:49  Orbital Command, Supply Depot  
  66  5:51  SCV x2  
  66  5:56  Refinery  
  68  5:57  Refinery  
  68  5:58  Marauder  
  68  6:01  Medivac  
  68  6:02  Marine x2  
  74  6:12  Marine, Supply Depot  
  74  6:13  Supply Depot  
  74  6:14  Marine  
  74  6:16  Supply Depot  
  76  6:20  Marine x2  
  76  6:22  SCV x3  
  76  6:23  Concussive Shells  
  81  6:30  Marine  
  81  6:32  Marine  
  83  6:34  SCV x2  
  83  6:37  Marine  
  83  6:39  Supply Depot  
  86  6:40  Missile Turret  
  86  6:46  Siege Tank  
  89  6:48  Marine  
  89  6:49  Marauder, Marine  
  89  6:50  Marine  
  89  6:52  Viking  
  96  6:54  Orbital Command  
  96  6:55  Marine  
  97  7:05  Combat Shield  
  97  7:07  Marine  
  97  7:08  Marine  
  99  7:10  Marauder  
  101  7:22  SCV x3  
  104  7:34  SCV x3  
  107  7:42  Marauder, Marine x4  
  113  7:52  SCV  
  113  7:53  SCV x2  
  113  7:56  Siege Tank  
  111  8:00  Marine x4  
  111  8:03  Marauder  
  111  8:04  SCV, Missile Turret  
  111  8:05  SCV x2  
  111  8:06  Missile Turret  
  111  8:07  Missile Turret  
  111  8:16  SCV  
  111  8:17  SCV x2, Marine  
  111  8:18  Marine x3  
  118  8:22  Missile Turret  
  118  8:25  Marauder  
  120  8:27  Starport Tech Lab  
  120  8:28  Siege Tank  
  120  8:29  Barracks x2  
  120  8:31  Barracks  
  123  8:35  Marine x3  
  123  8:36  Marine  
  123  8:39  Refinery  
  123  8:40  Refinery  
  127  8:46  Marauder  
  129  8:53  Marine x3  
  129  8:55  Terran Infantry Weapons Level 1  
  132  8:59  Engineering Bay  
  132  9:02  Armory x2  
  132  9:03  SCV  
  133  9:25  Command Center  
  133  9:35  Barracks Tech Lab  
  133  9:41  Barracks Tech Lab  
  133  9:42  Barracks Tech Lab  
  133  9:45  Cloaking Field  
  133  9:51  Supply Depot  
  133  9:52  Supply Depot  
  133  9:54  Supply Depot x2  
  133  9:57  Supply Depot  
  133  10:00  Supply Depot  
  133  10:12  Banshee, Marine, SCV x2  
  133  10:13  SCV, Marauder, Marine x3, Siege Tank  
  133  10:14  Supply Depot  
  148  10:16  Marauder x3  
  154  10:21  Supply Depot  
  154  10:22  Supply Depot  
  154  10:24  SCV x2  
  154  10:25  SCV, Supply Depot  
  157  10:30  Marine  
  157  10:31  Marine  
  157  10:34  Marauder  
  161  10:36  SCV x2  
  161  10:37  SCV, Marauder  
  166  10:45  Siege Tank  
  170  10:50  SCV  
  170  10:55  Banshee  
  173  10:58  Marauder  
  175  11:05  Marauder x3, Marine x2  
  183  11:20  Marauder  
  185  11:26  Marauder x2  
  174  11:38  Raven  
  168  11:41  Marauder  
  168  11:43  Marauder  
  168  11:44  Marine x4  
  165  11:48  Marauder x2  
  153  12:02  Marauder, Marine x4  
  153  12:05  Marauder  
  160  12:09  Marauder x2  
Tags
 
Add a new tag
Caveats
  • Supply blocks, unpowered buildings, or Contaminate may cause inaccurate times.
  • Supply counts are checked every 10 seconds.